 Dungeon Crawl Stone Soup version 0.32-a0-350-g4f4d228785 (webtiles) character file.

Game seed: 13927075068878735367

95 seren the Digger (level 4, -2/24 HPs)
             Began as a Gargoyle Earth Elementalist on Feb 17, 2024.
             Slain by Terence
             ... wielding a +0 mace
              (4 damage)
             ... on level 2 of the Dungeon.
             The game lasted 00:04:27 (1537 turns).

seren the Digger (Gargoyle Earth Elementalist)      Turns: 1537, Time: 00:04:27

Health: -2/24      AC:  5    Str: 12    XL:     4   Next: 66%
Magic:  2/7        EV: 12    Int: 17    God:
Gold:   100        SH:  0    Dex: 10    Spells: 4/8 levels left

rFire   . . .        d - +0 dagger (heavy)
rCold   . . .        (no shield)
rNeg    + . .        a - +0 robe
rPois   ∞            (no helmet)
rElec   +            (no cloak)
rCorr   .            (no gloves)
SInv    .            (no boots)
Will    .....        k - amulet of regeneration
Stlth   ++           (no ring)
HPRegen 1.04/turn    (no ring)
MPRegen 0.10/turn

%: no passive effects
@: weak-willed
A: sickness immunity, AC +3, negative energy resistance 1, electricity
resistance, torment resistance 1, petrification resistance
a: no special abilities


You were on level 2 of the Dungeon.
You visited 1 branch of the dungeon, and saw 2 of its levels.

You collected 100 gold pieces.

Inventory:

Hand Weapons
 c - a +0 sling
 d - a +0 heavy dagger (weapon)
Armour
 a - a +0 robe (worn)
 p - a +0 pair of boots
Jewellery
 g - a ring of fire
 k - an amulet of regeneration (around neck)
Wands
 j - a wand of paralysis (10)
Scrolls
 h - a scroll of enchant weapon {unknown}
 l - a scroll of vulnerability
 m - a scroll of enchant armour {unknown}
 n - a scroll of identify {unknown}
Potions
 b - a potion of magic
 e - a potion of resistance {unknown}
 i - a potion of invisibility {unknown}
 o - a potion of mutation {unknown}


   Skills:
 + Level 0.3 Fighting
 + Level 2.1 Dodging
 + Level 3.1 Stealth
 + Level 2.6 Spellcasting
 * Level 2.2 Conjurations
 * Level 4.2 Earth Magic
 + Level 0.2 Evocations


You had 4 spell levels left.
You knew the following spells:

 Your Spells              Type           Power      Damage    Failure   Level
a - Sandblast             Erth           32%        2d9       3%          1
b - Passwall              Erth           16%        N/A       10%         3

Your spell library contained the following spells:

 Spells                   Type           Power      Damage    Failure   Level
 Stone Arrow              Conj/Erth      26%        3d8       14%         3
 Brom's Barrelling Bould  Conj/Erth      13%        2d4       43%         4
 Petrify                  Alch/Erth      9%         N/A       58%         4


Dungeon Overview and Level Annotations

Branches:
Dungeon (2/15)

Altars:
Xom

Annotations:
D:2 Terence


Innate Abilities, Weirdness & Mutations

You are immune to sickness and miasma.
Your stone body is resilient. (AC +3)
You are immune to poison.
You resist negative energy. (rN+)
You are resistant to electric shocks. (rElec)
You are resistant to unholy torment.
You are immune to petrification.


Message History

You see here a ball python corpse.
You see here a ball python corpse.
Found 3 stones.
Found a stone.
You see here a stone.
You now have 93 gold pieces (gained 3).
You now have 100 gold pieces (gained 7).
Found a pair of boots.
Found 6 gold pieces.
o - a green potion A goblin comes into view.
It is wielding a +0 club.
The goblin shouts!
You hear a shout!
The blast of sand hits the goblin!
You kill the goblin!
You see here a +0 pair of boots.
p - a +0 pair of boots The blast of sand hits Terence but does no damage.
Terence hits you with a +0 mace.
The blast of sand hits Terence but does no damage.
Terence barely misses you.
The blast of sand hits Terence but does no damage.
Terence misses you. Terence hits you with a +0 mace.
The blast of sand hits Terence but does no damage.
Terence closely misses you.
The blast of sand hits Terence but does no damage.
Terence hits you with a +0 mace!
* * * LOW HITPOINT WARNING * * *
Terence hits you with a +0 mace.
* * * LOW HITPOINT WARNING * * *
As you read the scroll labelled SIDAUXT VUHE, it crumbles to dust.
A wave of despondency washes over your surroundings.
It was a scroll of vulnerability.
Terence hits you with a +0 mace!
* * * LOW HITPOINT WARNING * * *
As you read the scroll labelled DUUMAH OMIU, it crumbles to dust.
It is a scroll of brand weapon.
Your +0 dagger becomes incredibly heavy!
d - a +0 heavy dagger (weapon)
Terence hits you with a +0 mace.
You die...
Terence says, "Rest in peace."

#.# #.# #....##. #.#
#.# #....... #.# #.#
#.....## ####.# ##.##
#.....# #....###...###
#.###.## #....##.)#...#
#.# #... #...###....#.#
#.######
##(###....##.##
#....... #.##..@@....$.
#.######
#.##.....##............
#.##.#.#.###...........
#.##.#.#.... ....######
#.##.#.##.## ... #....
#.##.#.....# ..>....#.
#.##.##.#.#.##.####..#.
#.##.#.##.##.#.# #.(#.
#..............# #..#.


You could see Terence (weak-willed).

Vanquished Creatures
  2 adders (D:2)
  2 dart slugs (D:2)
  4 endoplasms
  4 giant cockroaches
  5 goblins
  6 hobgoblins
  A quokka (D:2)
  6 ball pythons
  4 bats (D:1)
  3 frilled lizards
  A kobold (D:2)
  3 rats
41 creatures vanquished.

Notes
Turn   | Place    | Note
-------+----------+-------------------------------------------
     0 | D:1      | seren the Gargoyle Earth Elementalist began the quest for
                  | the Orb.
     0 | D:1      | Reached XP level 1. HP: 10/10 MP: 3/3
    69 | D:1      | Reached XP level 2. HP: 15/15 MP: 1/5
   381 | D:1      | Reached XP level 3. HP: 19/19 MP: 4/6
   391 | D:1      | Reached skill level 4 in Earth Magic
   726 | D:2      | Learned a level 3 spell: Passwall
   880 | D:2      | Reached XP level 4. HP: 22/24 MP: 4/7
   928 | D:2      | Found a shimmering altar of Xom.
  1065 | D:2      | Noticed Terence
  1536 | D:2      | HP: 1/24 [Terence/+0 mace (10)]
  1537 | D:2      | Slain by Terence

Illustrated notes

Levels and vault maps discovered:
D:1:      scummos_arrival_simple_crosswalls, layout_rooms
D:2:      layout_loops_ring, basic_altar, uniq_terence

Skill      XL: |  1  2  3 |
---------------+----------+-----
Earth Magic    | 4 |  4.2
Dodging        | 2 |  2.1
Stealth        | 3 |  3.1
Conjurations   | 2 |  2.2
Fighting       | |  0.3
Spellcasting   | |  2.6
Evocations     | |  0.2

Action                     |  1- 3 |  4- 6 || total
---------------------------+-------+-------++-------
  Melee: Dagger            |    20 |     6 ||    26
         Unarmed           |     3 |       ||     3
   Cast: Sandblast         |    31 |    25 ||    56
    Use: Scroll            |       |     2 ||     2
 Armour: Robe              |    12 |    10 ||    22
  Dodge: Dodged            |    21 |     7 ||    28

Table legend: (Time is in decaauts)
 A = Elapsed time spent in this place.
 B = Non-inter-level travel time spent in this place.
 C = Inter-level travel time spent in this place.
 D = Time resting spent in this place.
 E = Time spent auto-exploring this place.
 F = Levels seen in this place.
 G = Mean time per level.
                   A        B        C        D        E       F      G
               +--------+--------+--------+--------+--------+-----+--------+
         Total |   1564 |   1556 |      8 |     37 |   1180 |   2 |  782.0 |
       Dungeon |   1564 |   1556 |      8 |     37 |   1180 |   2 |  782.0 |
               +--------+--------+--------+--------+--------+-----+--------+

Top non-repeatable levels by time:
     D:2: 837 daAuts
     D:1: 726 daAuts
